 Dungeon Crawl Stone Soup version 0.20.1-1-g8b1a95d (webtiles) character file.

284 Timinator the Insei (level 6, -2/47 HPs)
             Began as a Vampire Monk on Sept 20, 2017.
             Killed from afar by an orc wizard (5 damage)
             ... with a magic dart
             ... on level 4 of the Dungeon.
             The game lasted 00:27:47 (2103 turns).

Timinator the Insei (Vampire Monk)                  Turns: 2103, Time: 00:27:48

Health: -2/47      AC:  6    Str:  8 (10) XL:     6   Next: 7%
Magic:  6/6        EV: 12    Int: 12      God:
Gold:   215        SH:  0    Dex: 21      Spells: 5/5 levels left

rFire    . . .     SeeInvis +     - Unarmed
rCold    . . .     Gourm    .   (no shield)
rNeg     . . .     Faith    .   c - +0 ring mail
rPois    .         Spirit   .   (no helmet)
rElec    .         Reflect  .   (no cloak)
rCorr    .         Harm     .   (no gloves)
MR       .....                  f - +0 pair of boots
Stlth    ++........             (no amulet)
Regen    0.4/turn               (no ring)
MPRegen  0.1/turn               (no ring)

@: regenerating quickly, hasted, very quick
A: fangs 3, see invisible, agile 1, deterioration 1, unbreathing
a: no special abilities


You were on level 4 of the Dungeon.
You were full.

You visited 1 branch of the dungeon, and saw 4 of its levels.

You collected 215 gold pieces.

Inventory:

Armour
 c - a +0 ring mail (worn)
 f - a +0 pair of boots (worn)
Scrolls
 a - a scroll of amnesia {unknown}
 d - a scroll of identify
 e - a scroll of teleportation {unknown}
 m - 2 scrolls of remove curse
 n - a scroll of random uselessness {unknown}
 o - a scroll of immolation {unknown}
Potions
 b - 24 potions of blood


   Skills:
 + Level 3.2 Fighting
 * Level 2.8 Armour
 + Level 3.8 Dodging
 - Level 3.0 Stealth
 + Level 5.4 Unarmed Combat


You had 5 spell levels left.
You didn't know any spells.

Dungeon Overview and Level Annotations

Branches:
Dungeon (4/15)
 Temple: D:4-7

Altars:
Dithmenos
Sif Muna


Innate Abilities, Weirdness & Mutations

Your natural rate of healing is unusually fast.
You have razor-sharp teeth.
You have supernaturally acute eyesight. (SInv)
You can survive without breathing.
You are agile. (Dex +2)
Your body sometimes deteriorates upon taking damage.


Message History

The orc wizard hits you with a dagger.
* * * LOW HITPOINT WARNING * * *
You hit the orc wizard but do no damage.
The orc wizard is almost dead.
The orc wizard points at you and mumbles some strange words.
The magic dart hits you!
* * * LOW HITPOINT WARNING * * *
Your body deteriorates!
You feel weakened.
The orc wizard hits you but does no damage.
You feel yourself speed up.
You feel yourself speed up.
The orc wizard hits you but does no damage.
The orc wizard casts a spell at you. The magic dart hits you!
The orc wizard hits you but does no damage.
You hit the orc wizard.
The orc wizard is almost dead.
The orc wizard points at you and mumbles some strange words.
The magic dart hits you!
You die...

#.......#####. #.......'..%#
#.......#...######
#.......#........#
#.......#........#
#.....>.#...##...# ..
#.....###...##...#....
#.....#.....######....
#######.....#...@.#.........
............#....o#.........
............#.....#......ยง..
............#.....)...o(.[..
.......#'####.....#.........
>......'...########)).......
.......#...#.....)<.........
.......#...#.......##+####..
.......#...#.......#


You could see an orc wizard.

Vanquished Creatures
  A howler monkey (D:3)
  An orc priest (D:3)
  An orc wizard (D:3)
  4 gnolls (D:4)
  6 adders
  An ooze (D:3)
  2 worms (D:3)
  4 dart slugs
  4 leopard geckos
  9 orcs (D:3)
  A ball python (D:4)
  7 bats
  A giant cockroach (D:3)
  9 hobgoblins
  7 kobolds
  A quokka (D:3)
  4 frilled lizards
  5 goblins
  6 rats
  A fungus (D:1)
75 creatures vanquished.

Notes
Turn   | Place    | Note
-------+----------+-------------------------------------------
     0 | D:1      | Timinator the Vampire Monk began the quest for the Orb.
     0 | D:1      | Reached XP level 1. HP: 17/17 MP: 1/1
   195 | D:1      | Reached XP level 2. HP: 15/23 MP: 2/2
   426 | D:1      | Reached skill level 1 in Armour
   687 | D:1      | Reached XP level 3. HP: 29/29 MP: 3/3
   876 | D:2      | Reached skill level 4 in Unarmed Combat
  1066 | D:2      | Reached XP level 4. HP: 35/35 MP: 4/4
  1277 | D:2      | Found a shadowy altar of Dithmenos.
  1277 | D:2      | Found a deep blue altar of Sif Muna.
  1586 | D:3      | Reached XP level 5. HP: 36/41 MP: 5/5
  1594 | D:3      | Reached skill level 5 in Unarmed Combat
  2002 | D:4      | Gained mutation: Your body sometimes deteriorates upon taking damage. [potion of mutation]
  2002 | D:4      | Gained mutation: You are agile. (Dex +2) [potion of mutation]
  2057 | D:4      | Reached XP level 6. HP: 30/47 MP: 6/6
  2101 | D:4      | HP: 2/47 [orc wizard/magic dart (11)]
  2103 | D:4      | Killed from afar by an orc wizard

Skill      XL: |  1  2  3  4  5 |
---------------+----------------+-----
Armour         | 1 2 |  2.8
Fighting       | 3 |  3.2
Unarmed Combat | 4 5 |  5.4
Dodging        | |  3.8
Stealth        | |  3.0

Action                   |  1- 3 |  4- 6 || total
-------------------------+-------+-------++-------
Melee: Unarmed           |   129 |   181 ||   310
       Bite              |    16 |    18 ||    34
       Punch             |     1 |     1 ||     2
  Use: Potion            |     3 |     7 ||    10
       Scroll            |       |     2 ||     2
 Stab: Sleeping          |     4 |       ||     4
  Eat: Corpse            |     7 |     3 ||    10
Armor: Robe              |     1 |       ||     1
       Ring mail         |    30 |    55 ||    85
Dodge: Dodged            |    57 |   117 ||   174
